AoeStats
← RoR | Thofou2005

Black Forest

508009840Analyzed
4v4 RM · 2mo ago on Sep 20, 2026· 45m 54s· 8 players
Game mode
Random Map
Map size
Large (8 player)
Population
200
Speed
Normal
Resources
Standard
Victory
Conquest
Starting age
Dark Age
Ending age
Imperial Age
RankedLock teamsTeams togetherTeam positionsShared explorationLock speedFull tech treeHidden civsTurbo modeCheats
Victory
Defeat
🇨🇱 Bohemians · Chile
1847
+16
🇧🇬 Khitans · Bulgaria
1777
+19
🇮🇳 Burmese · India
1764
+20
🇭🇰 Poles · Hong Kong SAR China
1707
+22
vs
🇧🇪 Franks · Belgium
2042
-27
🇳🇱 Slavs · Netherlands
1812
-18
🇩🇪 Byzantines · Germany
1812
-18
🇳🇱 Shu · Netherlands
1721
-14
Zni.Kark01
0:48 Loom
10:55 Feudal Age
11:03 Man-at-Arms
15:01 Horse Collar
22:46 Castle Age
21:56 Town Watch
24:46 Gold Mining
25:46 Sanctity
27:38 Gold Shaft Mining
28:07 Scale Mail Armor
29:06 Pikeman
34:55 Forging
35:46 Heavy Plow
36:55 Stone Mining
37:29 Chain Mail Armor
37:49 Iron Casting
41:50 Imperial Age
41:56 Halberdier
43:56 Theocracy
43:47 Illumination
43:38 Block Printing
44:21 Wheelbarrow
Zni.Locuss
2:52 Loom
10:08 Feudal Age
10:40 Double-Bit Axe
13:17 Scale Barding Armor
20:46 Castle Age
21:29 Husbandry
20:49 Light Cavalry
23:10 Wheelbarrow
23:56 Bow Saw
25:33 Domestication
30:49 Imperial Age
28:31 Scale Mail Armor
28:52 Gold Mining
29:05 Fletching
29:39 Padded Archer Armor
29:11 Crossbowman
29:56 Bodkin Arrow
30:24 Ballistics
30:46 Chain Mail Armor
31:35 Hand Cart
31:33 Stone Mining
32:10 Bracer
31:59 Pikeman
33:09 Squires
33:05 Elite Fire Lancer
35:01 Plate Mail Armor
34:42 Forging
色狼英雄传
1:34 Loom
16:46 Feudal Age
20:40 Castle Age
19:07 Horse Collar
19:41 Double-Bit Axe
21:21 Heavy Plow
21:36 Bow Saw
21:31 Stone Mining
24:23 Wheelbarrow
26:40 Stone Shaft Mining
25:58 Gold Mining
27:24 Hand Cart
29:17 Town Watch
32:30 Imperial Age
30:07 Scale Barding Armor
30:13 Forging
31:27 Chain Barding Armor
31:16 Szlachta Privileges
32:24 Chain Barding Armor
32:09 Treadmill Crane
32:43 Bloodlines
32:33 Husbandry
33:40 Conscription
34:53 Iron Casting
33:41 Light Cavalry
35:05 Lechitic Legacy
34:12 Light Cavalry
35:01 Winged Hussar
36:58 Blast Furnace
38:45 Crop Rotation
40:17 Coinage
40:21 Squires
41:33 Banking
46:09 Scale Mail Armor
45:56 Arson
watoncito
10:34 Feudal Age
14:09 Castle Age
12:11 Double-Bit Axe
12:36 Horse Collar
15:22 Bow Saw
20:06 Heavy Plow
21:06 Wheelbarrow
22:50 Hand Cart
23:03 Loom
27:37 Imperial Age
25:46 Town Watch
26:38 Scale Mail Armor
26:49 Forging
27:40 Chemistry
26:56 Pikeman
27:36 Squires
27:53 Chain Mail Armor
27:53 Houfnice
29:20 Wagenburg Tactics
29:38 Conscription
30:12 Iron Casting
30:45 Halberdier
32:26 Blast Furnace
31:46 Siege Engineers
34:35 Fletching
35:20 Plate Mail Armor
36:55 Bodkin Arrow
46:17 Masonry
RoR | Thofou2005
9:45 Feudal Age
13:26 Castle Age
11:55 Double-Bit Axe
15:11 Bow Saw
17:24 Loom
22:16 Wheelbarrow
21:45 Town Watch
22:13 Gold Mining
23:23 Hand Cart
23:36 Gold Mining
26:11 Gold Shaft Mining
28:15 Imperial Age
28:48 Scale Barding Armor
28:53 Forging
29:59 Chemistry
28:21 Cavalier
29:06 Chivalry
29:26 Conscription
29:11 Husbandry
29:51 Chain Barding Armor
29:38 Paladin
31:34 Iron Casting
30:53 Fletching
32:27 Plate Barding Armor
32:37 Plate Barding Armor
34:29 Blast Furnace
35:15 Siege Engineers
37:06 Masonry
37:33 Coinage
38:48 Bodkin Arrow
39:14 Ballistics
39:25 Architecture
41:07 Fortified Wall
Loki
0:39 Loom
13:43 Feudal Age
17:46 Castle Age
17:32 Double-Bit Axe
17:29 Horse Collar
19:17 Bow Saw
25:41 Wheelbarrow
26:37 Gold Mining
31:53 Imperial Age
29:47 Hand Cart
29:55 Scale Mail Armor
30:05 Forging
30:25 Pikeman
31:05 Squires
31:25 Chain Mail Armor
Hans the Waller
2:32 Loom
11:46 Feudal Age
18:49 Castle Age
21:51 Double-Bit Axe
22:29 Horse Collar
25:49 Bow Saw
25:48 Heavy Plow
27:04 Wheelbarrow
27:00 Gold Mining
26:57 Town Watch
29:37 Husbandry
30:20 Forging
30:07 Light Cavalry
31:06 Husbandry
32:18 Bloodlines
33:26 Stone Mining
37:16 Imperial Age
36:32 Iron Casting
36:27 Hand Cart
37:24 Gold Shaft Mining
38:43 Siege Engineers
39:39 Chemistry
38:41 Heavy Scorpion
39:37 Detinets
39:42 Capped Ram
41:28 Fletching
42:53 Ballistics
41:56 Siege Ram
43:10 Bodkin Arrow
44:16 Crop Rotation
44:32 Coinage
45:30 Onager
Bohnski
12:55 Feudal Age
12:56 Loom
19:18 Castle Age
17:08 Double-Bit Axe
17:04 Horse Collar
17:39 Gold Mining
24:40 Imperial Age
22:16 Heavy Plow
22:44 Bow Saw
24:01 Wheelbarrow
26:24 Chemistry
27:07 Two-Man Saw
27:04 Crop Rotation
37:02 Fletching
38:19 Bodkin Arrow
Connection lost

Rejoining the realm…

Still unreachable

The connection could not be restored.

Session expired

The server has moved on; the page needs a fresh start.